Cogmind - Beta 11.1 @@@ ROGUE MODE // 2022.04.28 @ 23:32:38 // Winter2019/RPGLIKE Player: Torako Result: Destroyed by H-71 Marshal via exploding Fusion Modulator Performance ------------- Evolutions (5) 2500 Regions Visited (8) 1600 Robots Destroyed (37) 185 Value Destroyed (1139) 1139 Prototype IDs (0) 0 Alien Tech Used (0) 0 Bonus (522) 522 TOTAL SCORE: 5946 Bonus ------- Pacifist 200 High Alert Combat Kills 22 Met Imprinter 300 Cogmind --------- Core Integrity 0/1550 Matter 285/300 Energy 61/100 System Corruption 2% Temperature Cool (36) Movement Core (50) Location -5/Factory Parts ------- > --- POWER (1) -------- (None) > --- PROPULSION (1) --- (None) > --- UTILITY (5) ------ Armor Integrity Analyzer Force Booster Improved Transmission Jammer Improved Medium Armor Plating > --- WEAPON (1) ------- Katana > --- INVENTORY (1) ---- GAL Module Peak State ------------ > --- POWER ------------ (None) > --- PROPULSION ------- (None) > --- UTILITY ---------- Structural Scanner Armor Integrity Analyzer Force Booster Improved Transmission Jammer Advanced System Restoration Module > --- WEAPON ----------- Katana > --- INVENTORY -------- GAL Module [Rating: 24] Favorites ----------- Power Light Deuterium Engine Engine Light Deuterium Engine Propulsion None Utility Structural Scanner Device Structural Scanner Processor Armor Integrity Analyzer Hackware System Shield Protection Reactive Plating Weapon Katana Ballistic Gun Assault Rifle Slashing Weapon Katana Build | -11 -10 -9 -8 -7 -7 -6 -5 -5 ------- Run | Scr Mat Mat Mat Fac Low Zio Pro Fac Slots Evolved 4 | 1 . . 1 1 . . . 1 Power . | . . . . . . . . . Propulsion . | . . . . . . . . . Utility 4 | 1 . . 1 1 . . . 1 Weapon . | . . . . . . . . . Parts Attached 22 | 2 . 7 5 1 . . . 7 Power 4 | 1 . 1 1 1 . . . . Engine 4 | 1 . 1 1 1 . . . . Core . | . . . . . . . . . Reactor . | . . . . . . . . . Propulsion . | . . . . . . . . . Treads . | . . . . . . . . . Leg . | . . . . . . . . . Wheel . | . . . . . . . . . Hover . | . . . . . . . . . Flight . | . . . . . . . . . Utility 15 | . . 4 4 . . . . 7 Device 4 | . . 1 . . . . . 3 Storage . | . . . . . . . . . Processor 2 | . . 1 . . . . . 1 Hackware 1 | . . . 1 . . . . . Protection 8 | . . 2 3 . . . . 3 Artifact . | . . . . . . . . . Weapon 3 | 1 . 2 . . . . . . Energy Gun . | . . . . . . . . . Energy Cannon . | . . . . . . . . . Ballistic Gun 1 | 1 . . . . . . . . Ballistic Cannon . | . . . . . . . . . Launcher . | . . . . . . . . . Special Weapon . | . . . . . . . . . Impact Weapon . | . . . . . . . . . Slashing Weapon 2 | . . 2 . . . . . . Piercing Weapon . | . . . . . . . . . Special Melee Weapon . | . . . . . . . . . Unidentified Prototypes . | . . . . . . . . . Parts Lost 6 | . . 1 1 . . . 2 2 Power 2 | . . 1 . . . . . 1 Propulsion . | . . . . . . . . . Utility 4 | . . . 1 . . . 2 1 Weapon . | . . . . . . . . . Highest Loss Streak 1 | . . 1 1 . . . 1 1 To Critical Strikes . | . . . . . . . . . Average Slot Usage (%) 65 | . 40 55 61 71 71 71 62 69 Engine 11 | . 20 14 2 14 14 14 14 1 Device 15 | . . 6 18 14 14 14 14 31 Processor 2 | . . 6 . . . . . 11 Protection 20 | . . 8 18 28 28 28 19 10 Slashing Weapon 14 | . . 19 18 14 14 14 14 12 Naked Turns 1 | . . 1 . . . . . . Heaviest Build 23 | 7 7 11 23 23 21 21 21 18 Greatest Support 18 | 18 18 18 18 18 18 18 18 18 Greatest Overweight (x) 1 | . . . 1 1 1 1 1 . Average Overweight (x) . | . . . . 1 1 1 . . Largest Inventory Capacity 1 | . . . . . . 1 1 1 Average Capacity . | . . . . . . . 1 1 Most Carried 1 | . . . . . . 1 1 1 Average Carried . | . . . . . . . 1 1 Final Capacity 1 | . . . . . . 1 1 1 Final Carried 1 | . . . . . . 1 1 1 Class Distribution -------------------- 79% | Hacker-Mutant 20% | Mutant Dominant Class ---------------- Mutant | -10/Materials Mutant | -9/Materials Hacker-Mutant | -8/Materials Hacker-Mutant | -7/Factory Hacker-Mutant | -7/Lower Caves Hacker-Mutant | -6/Zion Hacker-Mutant | -5/Proximity Caves Hacker-Mutant | -5/Factory Resources | -11 -10 -9 -8 -7 -7 -6 -5 -5 ----------- Run | Scr Mat Mat Mat Fac Low Zio Pro Fac Matter Collected 395 | 94 . 196 20 . . 40 . 45 Remotely . | . . . . . . . . . Salvage Created 1427 | . . 624 412 . . . 178 213 Parts 87 | . . 37 23 . . . 17 10 Haulers Intercepted 1 | . . 1 . . . . . . Recyclers Shooed . | . . . . . . . . . Parts Field Recycled . | . . . . . . . . . Retrieved Matter . | . . . . . . . . . Parts Self-Destructed 17 | . . . . . . . 17 . Prevented . | . . . . . . . . . Kills | -11 -10 -9 -8 -7 -7 -6 -5 -5 ------- Run | Scr Mat Mat Mat Fac Low Zio Pro Fac Combat Hostiles Destroyed 32 | . . 12 8 . . . 9 3 Melee 32 | . . 12 8 . . . 9 3 Classes Destroyed 9 | . . 8 1 . . . . . Worker 2 | . . 2 . . . . . . Builder 1 | . . 1 . . . . . . Hauler 1 | . . 1 . . . . . . Mechanic 1 | . . 1 . . . . . . Swarmer 14 | . . 2 3 . . . 9 . Grunt 5 | . . 5 . . . . . . Duelist 1 | . . 1 . . . . . . Sentry 11 | . . 4 4 . . . . 3 Hunter 1 | . . . 1 . . . . . Best Kill Streak 7 | . . 7 4 . . . 5 1 Combat Bots Only 7 | . . 7 4 . . . 5 1 Max Kills in Single Turn 1 | . . 1 1 . . . 1 1 Gunslinging . | . . . . . . . . . Exploded . | . . . . . . . . . Melee 1 | . . 1 1 . . . 1 1 Uniques/NPCs Destroyed . | . . . . . . . . . Combat | -11 -10 -9 -8 -7 -7 -6 -5 -5 -------- Run | Scr Mat Mat Mat Fac Low Zio Pro Fac Damage Taken 3098 | . 22 826 303 . . . 1043 904 Core 2313 | . 17 731 207 . . . 687 671 Absorbed by Shields . | . . . . . . . . . Redirected to Core 969 | . 17 245 76 . . . 351 280 Regen/Repaired (Parts) 21 | . . . . . . 21 . . Core Remaining (%) 52 | 100 97 38 12 . . . 17 . Volleys Fired . | . . . . . . . . . Largest . | . . . . . . . . . Hottest . | . . . . . . . . . Shots Fired . | . . . . . . . . . Gun . | . . . . . . . . . Cannon . | . . . . . . . . . Launcher . | . . . . . . . . . Special . | . . . . . . . . . Kinetic . | . . . . . . . . . Thermal . | . . . . . . . . . Explosive . | . . . . . . . . . Electromagnetic . | . . . . . . . . . Robot Hit Streak . | . . . . . . . . . Robot Miss Streak . | . . . . . . . . . Penetration Max . | . . . . . . . . . Secondary Targets . | . . . . . . . . . Shots Hit Robots 112 | . . 52 20 . . . 17 23 Core Hits 43 | . . 18 7 . . . 9 9 Critical Kills . | . . . . . . . . . Critical Parts Destroyed . | . . . . . . . . . Critical Strikes 16 | . . 10 3 . . . . 3 Sever 16 | . . 10 3 . . . . 3 Melee Attacks 136 | . . 56 21 3 . . 24 32 Impact . | . . . . . . . . . Slashing 136 | . . 56 21 3 . . 24 32 Piercing . | . . . . . . . . . Sneak Attacks 6 | . . 5 . . . . . 1 Combat Hostiles . | . . . . . . . . . Follow-up Attacks . | . . . . . . . . . Damage Inflicted 3740 | . . 1767 645 . . . 548 780 Guns . | . . . . . . . . . Cannons . | . . . . . . . . . Explosions . | . . . . . . . . . Melee 3740 | . . 1767 645 . . . 548 780 Ramming . | . . . . . . . . . Kinetic . | . . . . . . . . . Thermal . | . . . . . . . . . Explosive . | . . . . . . . . . Electromagnetic . | . . . . . . . . . Impact . | . . . . . . . . . Slashing 3740 | . . 1767 645 . . . 548 780 Piercing . | . . . . . . . . . Highest Corruption 5 | . . . . . . . . 5 Average Corruption 3 | . . . . . . . . 3 Corruption Purged 3 | . . . . . . . . 3 Corruption Blocked . | . . . . . . . . . Effects 3 | . . . . . . . . 3 Message Errors 1 | . . . . . . . . 1 Heat Flow Errors 1 | . . . . . . . . 1 Alerts 1 | . . . . . . . . 1 Overload Shots . | . . . . . . . . . Overflow Damage 120 | . . 47 26 . . . 18 29 Projectiles . | . . . . . . . . . Explosions . | . . . . . . . . . Melee 120 | . . 47 26 . . . 18 29 Knockbacks . | . . . . . . . . . Impact . | . . . . . . . . . Kinetic . | . . . . . . . . . Secondary . | . . . . . . . . . Self-Inflicted Damage . | . . . . . . . . . Shots . | . . . . . . . . . Rammed . | . . . . . . . . . Targets Rammed . | . . . . . . . . . Kicked . | . . . . . . . . . Crushed . | . . . . . . . . . Highest Temperature 213 | . . 7 . . . . 4 213 Average Temperature 80 | . . 7 . . . . 4 102 Received Heat Transfer 432 | . 12 210 63 . . . 12 135 Siege Activations . | . . . . . . . . . Robots Corrupted . | . . . . . . . . . Combat Hostiles . | . . . . . . . . . Parts Fried . | . . . . . . . . . Impact Corruptions . | . . . . . . . . . Robots Melted . | . . . . . . . . . Combat Hostiles . | . . . . . . . . . Parts Melted . | . . . . . . . . . Heat Transferred . | . . . . . . . . . Parts Sabotaged . | . . . . . . . . . Parts Stolen . | . . . . . . . . . Parts Stripped . | . . . . . . . . . Power Chain Reactions . | . . . . . . . . . Missiles Intercepted . | . . . . . . . . . Alert | -11 -10 -9 -8 -7 -7 -6 -5 -5 ------- Run | Scr Mat Mat Mat Fac Low Zio Pro Fac Peak Influence 475 | . . 450 475 233 . . . 336 Initial 215 | . . . 189 215 . . . 151 Average 228 | . . 187 362 216 . . . 250 Maximum Alert Level 2 | . . 2 2 1 . . . 1 Low Security (%) 32 | 100 100 51 8 . . . . 26 Level 1 57 | . . 36 54 100 . . . 74 Level 2 10 | . . 12 36 . . . . . Level 3 . | . . . . . . . . . Level 4 . | . . . . . . . . . Level 5 . | . . . . . . . . . High Security . | . . . . . . . . . Max Security . | . . . . . . . . . Squads Dispatched 2 | . . . . 1 . . . 1 Investigation 1 | . . . . 1 . . . . Extermination . | . . . . . . . . . Reinforcement 1 | . . . . . . . . 1 Assault . | . . . . . . . . . Garrison . | . . . . . . . . . Intercept . | . . . . . . . . . Searches Triggered . | . . . . . . . . . Construction Impeded . | . . . . . . . . . Haulers Reinforced . | . . . . . . . . . Active Scanning Responses . | . . . . . . . . . Cargo Convoy Interrupts . | . . . . . . . . . Stealth | -11 -10 -9 -8 -7 -7 -6 -5 -5 --------- Run | Scr Mat Mat Mat Fac Low Zio Pro Fac Distress Signals . | . . . . . . . . . Communications Jammed 1 | . . . . . . . . 1 Distress Signals 1 | . . . . . . . . 1 Times Spotted 51 | . 1 19 11 2 . . 13 5 Peak Tracking Total 8 | . 1 8 5 3 . . 5 2 Tactical Retreats 4 | . . 2 1 . . . 1 . Traps | -11 -10 -9 -8 -7 -7 -6 -5 -5 ------- Run | Scr Mat Mat Mat Fac Low Zio Pro Fac Traps Triggered 1 | . . . . . . . . 1 Indirectly . | . . . . . . . . . Trap Hack Attempts . | . . . . . . . . . Triggered . | . . . . . . . . . Disarmed . | . . . . . . . . . Reprogrammed . | . . . . . . . . . Reused . | . . . . . . . . . Traps Extracted . | . . . . . . . . . Installed . | . . . . . . . . . Triggered . | . . . . . . . . . Machines | -11 -10 -9 -8 -7 -7 -6 -5 -5 ---------- Run | Scr Mat Mat Mat Fac Low Zio Pro Fac Machines Disabled . | . . . . . . . . . Max in Single Turn . | . . . . . . . . . Machines Sabotaged . | . . . . . . . . . Garrisons Compromised . | . . . . . . . . . Overloaded Fab Kills . | . . . . . . . . . Hacking | -11 -10 -9 -8 -7 -7 -6 -5 -5 --------- Run | Scr Mat Mat Mat Fac Low Zio Pro Fac Machines Accessed 11 | . 1 3 . 3 . 1 . 3 Terminals 9 | . 1 3 . 2 . . . 3 Fabricators 1 | . . . . 1 . . . . Repair Stations . | . . . . . . . . . Recycling Units . | . . . . . . . . . Scanalyzers . | . . . . . . . . . Garrison Access . | . . . . . . . . . Total Hacks 21 | . 2 5 . 7 . 2 . 5 Successful 11 | . 1 2 . 3 . 2 . 3 Failed 10 | . 1 3 . 4 . . . 2 Catastrophic 1 | . . 1 . . . . . . Database Lockouts . | . . . . . . . . . Manual 11 | . 2 5 . 3 . . . 1 Terminals 17 | . 2 5 . 5 . . . 5 Fabricators 2 | . . . . 2 . . . . Repair Stations . | . . . . . . . . . Recycling Units . | . . . . . . . . . Scanalyzers . | . . . . . . . . . Garrison Access . | . . . . . . . . . Terminal Hacks 8 | . 1 1 . 2 . 2 . 2 Part Schematic 2 | . . . . . . 2 . . Level Access Points 1 | . . . . . . . . 1 Branch Access Points 1 | . . . . . . . . 1 Terminal Index 3 | . 1 1 . 1 . . . . Locate Traps 1 | . . . . 1 . . . . Fabricator Hacks . | . . . . . . . . . Repair Station Hacks . | . . . . . . . . . Recycling Unit Hacks . | . . . . . . . . . Scanalyzer . | . . . . . . . . . Garrison Access Hacks . | . . . . . . . . . Unauthorized Hacks 3 | . . 1 . 1 . . . 1 Terminals 3 | . . 1 . 1 . . . 1 Track 1 | . . . . . . . . 1 Botnet 2 | . . 1 . 1 . . . . Fabricators . | . . . . . . . . . Repair Stations . | . . . . . . . . . Recycling Units . | . . . . . . . . . Scanalyzers . | . . . . . . . . . Garrison Access . | . . . . . . . . . Data Cores Recovered . | . . . . . . . . . Used . | . . . . . . . . . Hacking Detections 8 | . 1 3 . 3 . . . 1 Full Trace Events 1 | . . . . 1 . . . . Feedback Events . | . . . . . . . . . Feedback Blocked . | . . . . . . . . . Robot Schematics Acquired . | . . . . . . . . . Robots Built . | . . . . . . . . . Authchips . | . . . . . . . . . Time . | . . . . . . . . . Total Robot Build Rating . | . . . . . . . . . Part Schematics Acquired 2 | . . . . . . 2 . . Parts Built . | . . . . . . . . . Authchips . | . . . . . . . . . Time . | . . . . . . . . . Total Part Build Rating . | . . . . . . . . . Parts Repaired . | . . . . . . . . . Time . | . . . . . . . . . Parts Recycled . | . . . . . . . . . Recycled Matter . | . . . . . . . . . Retrieved Matter . | . . . . . . . . . Retrieved Components . | . . . . . . . . . Parts Scanalyzed . | . . . . . . . . . Part Schematics Acquired . | . . . . . . . . . Parts Damaged . | . . . . . . . . . Bothacking | -11 -10 -9 -8 -7 -7 -6 -5 -5 ------------ Run | Scr Mat Mat Mat Fac Low Zio Pro Fac Used RIF Installer . | . . . . . . . . . Robots Hacked . | . . . . . . . . . Non-combat . | . . . . . . . . . Combat . | . . . . . . . . . Robot Hacks Applied . | . . . . . . . . . Relay Couplers Released . | . . . . . . . . . Fabnet Peak Effective % . | . . . . . . . . . Robots Rewired . | . . . . . . . . . Allies Hacked . | . . . . . . . . . Hacks Repelled . | . . . . . . . . . Allies | -11 -10 -9 -8 -7 -7 -6 -5 -5 -------- Run | Scr Mat Mat Mat Fac Low Zio Pro Fac Total Allies . | . . . . . . . . . Largest Group . | . . . . . . . . . Highest-Rated Group . | . . . . . . . . . Highest-Rated Ally . | . . . . . . . . . Total Orders . | . . . . . . . . . Ally Attacks . | . . . . . . . . . Total Damage . | . . . . . . . . . Kills . | . . . . . . . . . Allies Corrupted . | . . . . . . . . . Allies Melted . | . . . . . . . . . Intel | -11 -10 -9 -8 -7 -7 -6 -5 -5 ------- Run | Scr Mat Mat Mat Fac Low Zio Pro Fac Robot Analysis Total . | . . . . . . . . . Derelict Logs Recovered 2 | . . . . . . 2 . . Drone Launches . | . . . . . . . . . Drone Recoveries . | . . . . . . . . . Exploration | -11 -10 -9 -8 -7 -7 -6 -5 -5 ------------- Run | Scr Mat Mat Mat Fac Low Zio Pro Fac Turns Passed 2166 | 12 47 324 163 136 33 862 289 300 Spaces Moved 2093 | 19 93 287 112 127 33 862 293 267 Core 2093 | 19 93 287 112 127 33 862 293 267 Treads . | . . . . . . . . . Legs . | . . . . . . . . . Wheels . | . . . . . . . . . Hover . | . . . . . . . . . Flight . | . . . . . . . . . Fastest Speed 50 | 50 50 50 50 100 100 100 50 50 Average Speed 76 | 50 50 50 54 100 100 100 66 50 Slowest Speed 100 | 50 50 50 100 100 100 100 100 50 Overloaded Moves . | . . . . . . . . . Propulsion Burnouts . | . . . . . . . . . Robots Hopped . | . . . . . . . . . Cave-ins Triggered . | . . . . . . . . . Exploration Rate (%) 27 | 3 31 37 16 5 7 85 49 11 Regions Visited 8 Branch Regions 3 Pre-discovered Areas 1 | . . . . . . 1 . . Known Exits Taken . | . . . . . . . . . Unknown Exits Taken 8 | 1 1 1 1 1 1 1 1 . Scrap Searched 7 | . . . . . . 4 3 . Spaces Dug 14 | . . 1 1 3 . . 1 8 Terrain Destroyed 14 | . . 1 1 3 . . 1 8 Melee 14 | . . 1 1 3 . . 1 8 Projectile . | . . . . . . . . . AOE . | . . . . . . . . . Terrain Rammed . | . . . . . . . . . Walls Destroyed . | . . . . . . . . . Machines Disabled . | . . . . . . . . . Actions | -11 -10 -9 -8 -7 -7 -6 -5 -5 --------- Run | Scr Mat Mat Mat Fac Low Zio Pro Fac Total 2433 | 20 92 380 181 131 33 862 351 383 Wait 146 | . . 11 39 . 1 . 29 66 Move 2085 | 18 92 286 111 126 32 861 292 267 Hop . | . . . . . . . . . Pick Up 1 | . . . . . . 1 . . Fast Attach 22 | 2 . 7 5 1 . . . 7 Attach . | . . . . . . . . . Detach 2 | . . 1 1 . . . . . Swap . | . . . . . . . . . Drop 7 | . . 2 1 1 . . . 3 Fire . | . . . . . . . . . Melee 136 | . . 56 21 3 . . 24 32 Ram . | . . . . . . . . . Kick . | . . . . . . . . . Crush . | . . . . . . . . . Escape Stasis . | . . . . . . . . . Rewire . | . . . . . . . . . Trap . | . . . . . . . . . Miscellaneous 34 | . . 17 3 . . . 6 8 Route ------- -11/Scrapyard -10/Materials (discovered 2 exits: *Mat / [*Min]) -9/Materials -8/Materials -7/Factory -7/Lower Caves -6/Zion -5/Proximity Caves -5/Factory (discovered 8 exits: *Fac x4 / Upp x2 / Ext x2) History --------- Turn | Location | Event 1 | -11/Scrapyard | Upgraded with Utility slot (x1) 6 | -11/Scrapyard | Discovered new exit (range 15) 13 | -11/Scrapyard | Entered Materials 29 | -10/Materials | Discovered new exit (range 6) 52 | -10/Materials | Discovered new exit (range 16) 60 | -10/Materials | Entered another Materials area 62 | -9/Materials | Reached level 2 124 | -9/Materials | Core integrity fell below 50% 210 | -9/Materials | Core integrity fell below 20% 255 | -9/Materials | Destroyed 7 combat bots 312 | -9/Materials | Build established: Mutant 333 | -9/Materials | Reached level 3 382 | -9/Materials | Discovered new exit (range 4) 384 | -9/Materials | Entered another Materials area 385 | -8/Materials | Core integrity fell below 50% 386 | -8/Materials | Reached level 4 476 | -8/Materials | Upgraded with Utility slot (x1) 486 | -8/Materials | Core integrity fell below 20% 544 | -8/Materials | Discovered new exit (range 4) 547 | -8/Materials | Entered Factory 548 | -7/Factory | Core integrity fell below 50% 548 | -7/Factory | Core integrity fell below 20% 549 | -7/Factory | Reached level 5 551 | -7/Factory | Upgraded with Utility slot (x1) 662 | -7/Factory | Discovered new exit (range 15) 683 | -7/Factory | Entered Lower Caves 685 | -7/Lower Caves | Reached level 6 697 | -7/Lower Caves | A Derelict revealed a hidden shortcut to a safe place 716 | -7/Lower Caves | Entered Zion 755 | -6/Zion | Build established: Hacker-Mutant 787 | -6/Zion | Discovered new exit (range 15) 880 | -6/Zion | Learned Factory emergency access door positions 925 | -6/Zion | Visited the Megawrench Repair Shop 925 | -6/Zion | Megawrench repaired 2 parts 951 | -6/Zion | Found GAL Module 1051 | -6/Zion | Given A8's code to call for help 1309 | -6/Zion | Given the Hacking Drone Bay 1578 | -6/Zion | Entered Proximity Caves 1580 | -5/Proximity Caves | Reached level 7 1629 | -5/Proximity Caves | Attracted the attention of an 0b10 checkpoint 1863 | -5/Proximity Caves | Discovered new exit (range 13) 1867 | -5/Proximity Caves | Entered Factory 1868 | -5/Factory | Identified exit to Extension 1868 | -5/Factory | Core integrity fell below 50% 1868 | -5/Factory | Core integrity fell below 20% 1869 | -5/Factory | Reached level 8 1904 | -5/Factory | Reached level 9 1909 | -5/Factory | Upgraded with Utility slot (x1) 1934 | -5/Factory | Identified exit to Upper Caves 2073 | -5/Factory | Identified exit to Factory 2167 | -5/Factory | Destroyed by H-71 Marshal via exploding Fusion Modulator Last Messages --------------- Dropped Imp. Medium Armor Plating. Acquired Adv. System Restoration Module. Adv. System Restoration Module purges 1% system corruption (4%). System corrupted: Heat flow error (+238). Adv. System Restoration Module purges 1% system corruption (3%). Adv. System Restoration Module purges 1% system corruption (2%). Dropped Adv. System Restoration Module. R-10 Processor collects Adv. System Restoration Module. Acquired Imp. Medium Armor Plating. Connecting with Terminal... >>Trojan(Track) Trojan loaded successfully. Testing... Tracking enabled and active. U-05 Engineer builds a Wall. System corrupted: IFF burst signal emitted. ALERT: Suspicious intruders detected, dispatching Specialist reinforcements to area. Structural Scanner destroyed. Fusion Modulator explodes. Map ----- +----------------------------------------------------+ | ??????????????????? | | ?????????????????? | | ?????????????????? k | | ?????????????????? h uk | | ???????????????????#######+################### # | | ???????????????????## # """T""" # # | | ???????????????????## ! # ? """ """ # # | | ???????????????????## ! # # # | | ???????????????????## ! + # # | | +??????????????###### = # # # | | ???????????????###### # """" """" # # | | ???????????????## + # """" """" + # | | +??????????????## ### # ???" """? # # | | ???????????????## ### # ???" ???? # # | | ???????????????## ### # ???" ???? # # | | ???????????????## ### + ???" ???? # # | | ???????????????## ### # ??? ???? # | | ?????????????? ## ################ ??? ????? # # | | ?????????????? ##+#################?????????## # | | ?????????????? # ##??????????## ## | | ?????????????? # ##??????????## ## | | ?????????????? # ;#??????????????? | | ????????## ??? # u ;#??????????????? | | ????????## + ;#??????????????? | | ????????## ??? # ;#??????????????? | | ?????????????? # @ ;???????????????? | | ?????????????? ######; ;;;#??????????????? | | ?????????????? ####T # *;;;;;#??????????????? | | ????????????????t ? x ???????????? | | ?????????????? ?? x H #?????????? | | ????????????????? uu ??????????? | | ????????????????######## ####### ??????????? | | ??????????????????##################?? ??????????? | | ??????????????????????#########??????????????????? | | ?????????????????????????????????????????????????? | | ?????????????????????????????????????????????????? | | ?????????????????????????????????????????????????? | | ?????????????????????????????????????????????????? | | ?????????????????????????????????????????????????? | | ?????????????????????????????????????????????????? | | ?????????????????????????????????????????????????? | | ?????????????????????????????????????????????????? | | ?????????????????????????????????????????????????? | | ?????????????????????????????????????????????????? | | ?????????????????????????????????????????????????? | | ?????????????????????????????????????????????????? | | ?????????????????????????????????????????????????? | | ?????????????????????????????????????????????????? | | ?????????????????????????????????????????????????? | | ?????????????????????????????????????>???????????? | +----------------------------------------------------+ Best States ------------- Heat Dissipation 25 Energy Generation 15 Energy Capacity 265 Matter Stores 300 Matter Capacity 300 Sight Range 16 Robot Scan Range 18 Terrain Scan Density 10 Jamming Range 14 Armor Coverage 450 Resistance: KI 20 Resistance: EM 15 Evasion (%) 50 Melee Accuracy 5 Armor Integrity Analysis 30 Force Boost 20 Offensive Hacking 20 Defensive Hacking 10 Item Schematics ----------------- Riot Gun | -6/Zion | Free Barrage Gun | -6/Zion | Free Robot Schematics ------------------ None Fabricated ------------ Nothing Alien Tech Used ----------------- None Achievements -------------- None Challenges ------------ None RPGLIKE | -11 -10 -9 -8 -7 -7 -6 -5 -5 --------- Run | Scr Mat Mat Mat Fac Low Zio Pro Fac Levels Raised 8 | . . 2 1 1 1 . 1 2 XP Earned 15445 | 3000 100 3065 2610 1500 500 650 2000 2020 XP Spent 14935 | 2300 . 2200 2600 1800 1350 250 1260 3175 Upgrades 48 | 4 . 6 4 11 9 1 5 8 Utility Slot 4 | 1 . . 1 1 . . . 1 Core Integrity 19 | . . . . 10 . . 4 5 Energy Generation 2 | . . . . . . . . 2 Mass Support 3 | 3 . . . . . . . . Inventory Capacity 1 | . . . . . . 1 . . Sensor Range 9 | . . . . . 9 . . . Melee Accuracy 6 | . . 5 . . . . 1 . Hack Attack % 4 | . . 1 3 . . . . . Protomatter Created 249 | . . 126 17 . . . 46 60 Integrity Restored 747 | . . 378 51 . . . 138 180 Core 747 | . . 378 51 . . . 138 180 Protomatter Decayed . | . . . . . . . . . Game ------ Seed ReflectiveMatterGenerator Manual? 0 Play Time 00:25:24 Cumulative 314.4 hours Start 2022.04.28 @ 23:11:30 End 2022.04.28 @ 23:32:38 Sessions 1 Manual Loads 0 Difficulty Rogue Special Mode Winter2019/RPGLIKE Game No. 311 Rogue 311 Adventurer 0 Explorer 0 Win Type - Total 18 Types 12/0/4/2/0/0/0/0/0 Lore% 81 Gallery% 88 Achievement% 77 Wizard Run 0 Options --------- ASCII 0 Keyboard 1 Movement Numpad Keybinds 0 Fullscreen 1 Font 18/SmallcapsGlow Map View 76x50 Tactical HUD 1 Map Filters NONE Filters NONE Steam 1 RUN: 8d49739a-aba2-4226-893f-f208dfc99bde